 Dungeon Crawl Stone Soup version 0.25.1-8-g42b30a86e7 (webtiles) character file.

Game seed: 2896011965385098804

777 JohnSpartan the Ruffian (level 7, -11/67 HPs)
             Began as a Troll Monk on Dec 17, 2020.
             Was a Believer of Ashenzari.
             Mangled by an orc warrior
             ... wielding a +0 battleaxe
              (24 damage)
             ... on level 6 of the Dungeon.
             The game lasted 00:29:44 (4415 turns).

JohnSpartan the Ruffian (Troll Monk)                Turns: 4415, Time: 00:29:45

Health: -11/67     AC:  6    Str: 20    XL:     7   Next: 54%
Magic:  6/6        EV: 26    Int:  7    God:    Ashenzari [**....]
Gold:   217        SH:  0    Dex: 13    Spells: 5/6 levels left

rFire    . . .     SeeInvis .     - Unarmed
rCold    + . .     Gourm    +   (no shield)
rNeg     . . .     Faith    .   a - +0 robe
rPois    .         Spirit   .   (helmet restricted)
rElec    .         Reflect  .   (no cloak)
rCorr    .         Harm     .   (gloves unavailable)
MR       .....                  (boots unavailable)
Stlth    ++........             i - amulet of the acrobat
HPRegen  0.61/turn              g - ring of protection from cold
MPRegen  0.10/turn              (no ring)

@: about to teleport, acrobat
A: large, unfitting armour, claws 3, fast metabolism 3, gourmand, regeneration
1, shaggy fur 1, tough skin 3
a: Curse Item, Scrying, Renounce Religion


You were on level 6 of the Dungeon.
You worshipped Ashenzari.
Ashenzari was pleased with you.
You were very full.

You visited 1 branch of the dungeon, and saw 6 of its levels.

You collected 217 gold pieces.

Inventory:

Hand Weapons
 r - a +1 vorpal trident
 t - a cursed -2 club
Armour
 a - a +0 robe (worn)
 l - a +0 leather armour
 o - a cursed +0 leather armour
 s - a +0 robe
 z - a +0 robe
 A - a +0 robe
 B - the cursed +0 leather armour of Beyond {Dex+7 Stlth+}
   (You found it on level 6 of the Dungeon)

   It affects your dexterity (+7).
   It makes you more stealthy.
   It has a curse placed upon it.
 C - a +0 pair of boots
Magical Staves
 h - an uncursed staff of summoning
Jewellery
 g - a ring of protection from cold (left claw)
 i - an amulet of the acrobat (around neck)
 y - an uncursed ring of wizardry
Scrolls
 c - a scroll of teleportation
 d - a scroll of amnesia {unknown}
 f - 4 scrolls of remove curse
 j - 5 scrolls of identify
 n - 2 scrolls of fear {unknown}
 u - a scroll of fog {unknown}
 v - a scroll of immolation {unknown}
 x - a scroll of blinking {unknown}
Potions
 e - a potion of stabbing
 k - 3 potions of curing {unknown}
 m - a potion of ambrosia {unknown}
 p - a potion of mutation {unknown}
 q - a potion of degeneration {unknown}
 w - a potion of brilliance {unknown}
 E - a potion of heal wounds {unknown}
Comestibles
 b - 9 rations
 D - 2 chunks of flesh


   Skills:
 + Level 3.2 Fighting
 + Level 4.1 Dodging
 + Level 1.8 Stealth
 + Level 6.9 Unarmed Combat
 + Level 0.3 Spellcasting
 + Level 0.6 Necromancy


You had 5 spell levels left.
You knew the following spells:

 Your Spells              Type           Power        Failure   Level  Hunger
a - Animate Skeleton      Necr           N/A          34%         1    ##.....

Your spell library contained the following spells:

 Spells                   Type           Power        Failure   Level  Hunger
 Pain                     Necr           #...         34%         1    ##.....
 Apportation              Tloc           #.....       43%         1    ##.....
 Corona                   Hex            #......      43%         1    ##.....
 Summon Small Mammal      Summ           #...         43%         1    ##.....
 Vampiric Draining        Necr           #.........   71%         3    ####...
 Animate Dead             Necr           N/A          98%         4    #####..
 Agony                    Necr           #.......     100%        5    ######.


Dungeon Overview and Level Annotations

Branches:
Dungeon (6/15)             Temple (0/1) D:4

Altars:
Ashenzari
Nemelex Xobeh
Okawaru
Trog


Innate Abilities, Weirdness & Mutations

You are too large for most types of armour.
You have claws for hands.
Your metabolism is lightning-fast.
You like to eat raw meat.
Your natural rate of healing is unusually fast.
You are covered in fur. (AC +1)
You have extremely tough skin. (AC +3)


Message History

The orc warrior is severely wounded.
The orc warrior hits you with a +0 battleaxe!
You completely miss the orc warrior.
The orc warrior is severely wounded.
The orc warrior hits you with a +0 battleaxe!
The orc warrior completely misses you. The orc warrior misses you.
The orc warrior hits you with a +0 battleaxe!!
The orc warrior completely misses you. The orc warrior completely misses you.
The orc warrior completely misses you.
The orc warrior hits you with a +0 battleaxe!
* * * LOW HITPOINT WARNING * * *
The orc warrior misses you.
Okay, then.
Okay, then.
As you read the scroll of teleportation, it crumbles to dust.
You feel strangely unstable. The orc warrior misses you.
The orc warrior hits you with a +0 battleaxe!!
You die...

#.............## ....#
######..........##.># ####..###
.......)).......###.#####........
......#######.........)))........
.......Z..............###.##.....
..............#######..#..# ....
......######.....# ##....##* ,...
####### #...#.###......# ..
###########....@.##......##.....
#............###o.#.............
##.......####.# #................
##.......# #.# #(##.............
####.#...## #.###)##.......#.....
# #.......# #.##.................
###.......###.#............(.....
........................(........
..#..............)...............


You could see an orc warrior.

Vanquished Creatures
  A phantom (D:5)
  An ogre (D:5)
  2 scorpions
  A bullfrog zombie (D:6)
  A jelly (D:6)
  3 orc wizards
  A centaur skeleton (D:5)
  A gnoll shaman (D:6)
  4 worker ants
  A hound zombie (D:6)
  4 gnolls (D:6)
  6 adders
  4 worms (D:3)
  3 dart slugs
  4 leopard geckos
  19 orcs
  3 ball pythons
  3 bats (D:3)
  4 giant cockroaches
  2 goblins (D:1)
  3 hobgoblins
  2 jackals (D:5)
  3 kobolds
  3 quokkas
  5 frilled lizards
  4 rats
88 creatures vanquished.

Vanquished Creatures (collateral kills)
  An orc (D:5)
1 creature vanquished.

Grand Total: 89 creatures vanquished

Notes
Turn   | Place    | Note
-------+----------+-------------------------------------------
     0 | D:1      | JohnSpartan the Troll Monk began the quest for the Orb.
     0 | D:1      | Reached XP level 1. HP: 22/22 MP: 0/0
   348 | D:1      | Reached XP level 2. HP: 29/29 MP: 1/1
   826 | D:2      | Reached XP level 3. HP: 34/36 MP: 2/2
   867 | D:2      | Found an iron altar of Okawaru.
  1394 | D:3      | Found a sparkling altar of Nemelex Xobeh.
  1394 | D:3      | Found a bloodstained altar of Trog.
  1397 | D:3      | Found a shattered altar of Ashenzari.
  1449 | D:3      | Became a worshipper of Ashenzari the Shackled
  1449 | D:3      | Reached * piety under Ashenzari
  1449 | D:3      | Reached ** piety under Ashenzari
  1481 | D:3      | Reached XP level 4. HP: 44/44 MP: 3/3
  1588 | D:3      | Reached skill level 4 in Unarmed Combat
  1933 | D:4      | Reached XP level 5. HP: 53/53 MP: 4/4
  2136 | D:4      | Found a staircase to the Ecumenical Temple.
  2259 | D:4      | Reached skill level 5 in Unarmed Combat
  2283 | D:4      | Learned a level 1 spell: Animate Skeleton
  2648 | D:5      | Entered Level 5 of the Dungeon
  2667 | D:5      | Reached XP level 6. HP: 40/61 MP: 5/5
  3395 | D:5      | Reached skill level 6 in Unarmed Combat
  3395 | D:5      | Reached XP level 7. HP: 34/67 MP: 6/6
  3941 | D:6      | Got the cursed leather armour of Beyond {Dex+7 Stlth+}
  4415 | D:6      | Mangled by an orc warrior

Illustrated notes

Levels and vault maps discovered:
D:1:      dpeg_arrival_castle, layout_basic, minmay_hedge_maze
D:2:      layout_basic, chequers_serial_rivers_room_b, okawaru_gym_becter
D:3:      layout_loops_ring, grunt_temple_overflow_open, first_ration
D:4:      minmay_recursive_quarters, layout_loops_ring, temple_fountains
D:5:      layout_loops_corners
D:6:      layout_rooms, minmay_misc_feat_room

Skill      XL: |  1  2  3  4  5  6  7 |
---------------+----------------------+-----
Unarmed Combat | 4 5 6 |  6.9
Fighting       | 3 |  3.2
Dodging        | 3 4 |  4.1
Stealth        | |  1.8
Spellcasting   | |  0.3
Necromancy     | |  0.6

Action                   |  1- 3 |  4- 6 |  7- 9 || total
-------------------------+-------+-------+-------++-------
Melee: Unarmed           |    93 |   145 |    50 ||   288
       Punch             |     1 |     2 |     2 ||     5
 Cast: Animate Skeleton  |       |     3 |     1 ||     4
  Use: Scroll            |     4 |     1 |     2 ||     7
 Stab: Sleeping          |     2 |     1 |       ||     3
  Eat: Chunk             |    12 |    23 |     9 ||    44
Armor: Robe              |    27 |    32 |     6 ||    65
Dodge: Dodged            |    40 |    97 |    61 ||   198
